SL
ATHLETIC CLUB KC ATHLETICS @ ATLANTA SMOKE
05/22/2018
 
TOP OF THE 1ST
Athletic Club Kansas City Athletics batting - Pitching for Atlanta Smoke : LHP Ilie Paunescu
Pitching: LHP Ilie Paunescu
Batting: SHB David Henderson 0-0: Called Strike
0-1: Ground out 4-3 (Groundball, 4M)
Batting: RHB Yoshio Matsuo 0-0: Ball
1-0: Ball
2-0: Fly out, F4 (Popup, 4D)
Batting: LHB Emílio Sáenz 0-0: Called Strike
0-1: Foul Ball, location: 2F
0-2: Ball
1-2: Ball
2-2: Strikes out swinging
Top of the 1st over - 0 run(s), 0 hit(s), 0 error(s), 0 left on base; Athletic Club Kansas City 0 - Atlanta 0
BOTTOM OF THE 1ST
Atlanta Smoke batting - Pitching for Athletic Club Kansas City Athletics : RHP Roberto Ortega
Pitching: RHP Roberto Ortega
Batting: LHB Egidio Agnolutto 0-0: Foul Ball, location: 2F
0-1: Swinging Strike
0-2: Strikes out swinging
Batting: LHB Rick Harrison 0-0: Called Strike
0-1: Foul Ball, location: 2F
0-2: Ball
1-2: Ball
2-2: Ball
3-2: Foul Ball, location: 2F
3-2: Fly out, F8 (Flyball, 89D)
Batting: RHB Chris Smith 0-0: Ball
1-0: Ball
2-0: Called Strike
2-1: Foul Ball, location: 2F
2-2: Ground out 1-3 (Groundball, 13S)
Bottom of the 1st over - 0 run(s), 0 hit(s), 0 error(s), 0 left on base; Athletic Club Kansas City 0 - Atlanta 0
TOP OF THE 2ND
Athletic Club Kansas City Athletics batting - Pitching for Atlanta Smoke : LHP Ilie Paunescu
Batting: RHB Cory Staton 0-0: Ball
1-0: Ball
2-0: Fly out, F6 (Popup, 6D)
Batting: RHB Harry Fuller 0-0: Foul Ball, location: 2F
0-1: Ball
1-1: Ball
2-1: Ball
3-1: Base on Balls
Batting: RHB Ramón Souza 0-0: Called Strike
0-1: Ball
1-1: Ball
2-1: Foul Ball, location: 2F
2-2: Fielders Choice at 2nd, 5-4 (Groundball, 5)
Batting: LHB Chris Rice 0-0: Fly out, F3 (Popup, 3SF)
Top of the 2nd over - 0 run(s), 0 hit(s), 0 error(s), 1 left on base; Athletic Club Kansas City 0 - Atlanta 0
BOTTOM OF THE 2ND
Atlanta Smoke batting - Pitching for Athletic Club Kansas City Athletics : RHP Roberto Ortega
Batting: LHB Armando Esparza 0-0: Swinging Strike
0-1: Called Strike
0-2: Strikes out swinging
Batting: RHB Nate Cates 0-0: Called Strike
0-1: Called Strike
0-2: Foul Ball, location: 2F
0-2: Ball
1-2: Foul Ball, location: 2F
1-2: Foul Ball, location: 2F
1-2: Ball
2-2: Ball
3-2: Strikes out swinging
Batting: RHB Mal Bussard 0-0: Ball
1-0: Called Strike
1-1: Foul Ball, location: 2F
1-2: Foul Ball, location: 2F
1-2: Foul Ball, location: 2F
1-2: Strikes out looking
Bottom of the 2nd over - 0 run(s), 0 hit(s), 0 error(s), 0 left on base; Athletic Club Kansas City 0 - Atlanta 0
TOP OF THE 3RD
Athletic Club Kansas City Athletics batting - Pitching for Atlanta Smoke : LHP Ilie Paunescu
Batting: SHB Noah McCarthy 0-0: Ball
1-0: Ball
2-0: Foul Ball, location: 2F
2-1: Foul Ball, location: 2F
2-2: Ground out 5-3 (Groundball, 15S)
Batting: RHB Roberto Ortega 0-0: Ball
1-0: Fly out, F8 (Line Drive, 8RM)
Batting: SHB David Henderson 0-0: Ball
1-0: Fly out, F9 (Flyball, 89S)
Top of the 3rd over - 0 run(s), 0 hit(s), 0 error(s), 0 left on base; Athletic Club Kansas City 0 - Atlanta 0
BOTTOM OF THE 3RD
Atlanta Smoke batting - Pitching for Athletic Club Kansas City Athletics : RHP Roberto Ortega
Batting: RHB Francisco Gonzáles 0-0: Ball
1-0: Foul Ball, location: 2F
1-1: Ball
2-1: Foul Ball, location: 2F
2-2: Strikes out looking
Batting: LHB Mike Blue 0-0: Ball
1-0: Ground out U3 (Groundball, 3)
Batting: LHB Ilie Paunescu 0-0: Ball
1-0: Fly out, F8 (Flyball, 8LM)
Bottom of the 3rd over - 0 run(s), 0 hit(s), 0 error(s), 0 left on base; Athletic Club Kansas City 0 - Atlanta 0
TOP OF THE 4TH
Athletic Club Kansas City Athletics batting - Pitching for Atlanta Smoke : LHP Ilie Paunescu
Batting: RHB Yoshio Matsuo 0-0: Called Strike
0-1: Ball
1-1: Foul Ball, location: 2F
1-2: Foul Ball, location: 2F
1-2: Fly out, F7 (Flyball, 7D)
Batting: LHB Emílio Sáenz 0-0: SOLO HOME RUN (Flyball, 9LD), Distance : 377 ft
Batting: RHB Cory Staton 0-0: Ball
1-0: Foul Ball, location: 2F
1-1: Ball
2-1: Called Strike
2-2: Ball
3-2: Foul Ball, location: 2F
3-2: Base on Balls
Batting: RHB Harry Fuller 0-0: Ball
Passed Ball!
Cory Staton to second
1-0: Foul Ball, location: 2F
1-1: Fly out, F6 (Popup, 6M)
Batting: RHB Ramón Souza 0-0: Ball
1-0: Ball
2-0: Ground out 5-3 (Groundball, 5)
Top of the 4th over - 1 run(s), 1 hit(s), 0 error(s), 1 left on base; Athletic Club Kansas City 1 - Atlanta 0
BOTTOM OF THE 4TH
Atlanta Smoke batting - Pitching for Athletic Club Kansas City Athletics : RHP Roberto Ortega
Batting: LHB Egidio Agnolutto 0-0: Swinging Strike
0-1: Ball
1-1: Bunt missed!
1-2: SOLO HOME RUN (Flyball, 9D), Distance : 380 ft
Batting: LHB Rick Harrison 0-0: Swinging Strike
0-1: Ball
1-1: Foul Ball, location: 2F
1-2: Foul Ball, location: 2F
1-2: Strikes out looking
Batting: RHB Chris Smith 0-0: Ground out 6-3 (Groundball, 6)
Batting: LHB Armando Esparza 0-0: Called Strike
0-1: Ball
1-1: Called Strike
1-2: Ball
2-2: Strikes out looking
Bottom of the 4th over - 1 run(s), 1 hit(s), 0 error(s), 0 left on base; Athletic Club Kansas City 1 - Atlanta 1
TOP OF THE 5TH
Athletic Club Kansas City Athletics batting - Pitching for Atlanta Smoke : LHP Ilie Paunescu
Batting: LHB Chris Rice 0-0: SINGLE (Flyball, 89S) - OUT at second base trying to stretch hit.
Batting: SHB Noah McCarthy 0-0: Ball
1-0: Fly out, F3 (Popup, 3F)
Batting: RHB Roberto Ortega 0-0: Ball
1-0: Called Strike
1-1: Swinging Strike
1-2: DOUBLE (Flyball, 7M)
Batting: SHB David Henderson 0-0: Ball
1-0: Ball
2-0: Ground out 4-3 (Groundball, 4)
Top of the 5th over - 0 run(s), 2 hit(s), 0 error(s), 1 left on base; Athletic Club Kansas City 1 - Atlanta 1
BOTTOM OF THE 5TH
Atlanta Smoke batting - Pitching for Athletic Club Kansas City Athletics : RHP Roberto Ortega
Batting: RHB Nate Cates 0-0: Ball
1-0: Ball
2-0: Foul Ball, location: 2F
2-1: Foul Ball, location: 2F
2-2: Foul Ball, location: 2F
2-2: Foul Ball, location: 2F
2-2: Ground out 6-3 (Groundball, 6)
Batting: RHB Mal Bussard 0-0: Ball
1-0: SINGLE (Line Drive, 56)
Batting: RHB Francisco Gonzáles 0-0: Called Strike
0-1: Ball
1-1: Ball
2-1: Called Strike
2-2: Strikes out looking
Batting: LHB Mike Blue 0-0: Ball
1-0: Ball
2-0: Called Strike
2-1: Foul Ball, location: 2F
2-2: Strikes out swinging
Bottom of the 5th over - 0 run(s), 1 hit(s), 0 error(s), 1 left on base; Athletic Club Kansas City 1 - Atlanta 1
TOP OF THE 6TH
Athletic Club Kansas City Athletics batting - Pitching for Atlanta Smoke : LHP Ilie Paunescu
Batting: RHB Yoshio Matsuo 0-0: Called Strike
0-1: Foul Ball, location: 2F
0-2: Foul Ball, location: 2F
0-2: Ground out 4-3 (Groundball, 4M)
Batting: LHB Emílio Sáenz 0-0: Ball
1-0: Foul Ball, location: 2F
1-1: Called Strike
1-2: SINGLE (Line Drive, 34D)
Batting: RHB Cory Staton 0-0: Called Strike
0-1: Ball
1-1: Grounds into double play, 1-6-3 (Groundball, 15)
Top of the 6th over - 0 run(s), 1 hit(s), 0 error(s), 0 left on base; Athletic Club Kansas City 1 - Atlanta 1
BOTTOM OF THE 6TH
Atlanta Smoke batting - Pitching for Athletic Club Kansas City Athletics : RHP Roberto Ortega
Batting: LHB Ilie Paunescu 0-0: Swinging Strike
0-1: Ball
1-1: Foul Ball, location: 2F
1-2: Ground out U3 (Groundball, 3L)
Batting: LHB Egidio Agnolutto 0-0: Ball
1-0: Called Strike
1-1: SOLO HOME RUN (Flyball, 9D), Distance : 382 ft
Batting: LHB Rick Harrison 0-0: Called Strike
0-1: Ground out 4-3 (Groundball, 4)
Batting: RHB Chris Smith 0-0: Called Strike
0-1: Ball
1-1: Ball
2-1: Ball
3-1: Called Strike
3-2: Ground out 6-3 (Groundball, 6)
Bottom of the 6th over - 1 run(s), 1 hit(s), 0 error(s), 0 left on base; Athletic Club Kansas City 1 - Atlanta 2
TOP OF THE 7TH
Athletic Club Kansas City Athletics batting - Pitching for Atlanta Smoke : LHP Ilie Paunescu
Batting: RHB Harry Fuller 0-0: Ball
1-0: Called Strike
1-1: Ball
2-1: SINGLE (Groundball, 5S)
Batting: RHB Ramón Souza 0-0: Foul Ball, location: 2F
0-1: Called Strike
0-2: Ground out 1-3 (Groundball, 34S)
Harry Fuller to second
Pinch Hitting: RHB Steve Brandon 0-0: Called Strike
0-1: Ball
1-1: Foul Ball, location: 2F
1-2: Foul Ball, location: 2F
1-2: Foul Ball, location: 2F
1-2: Ball
2-2: SINGLE (Line Drive, 89S)
Harry Fuller to third
Batting: SHB Noah McCarthy 0-0: Ball
1-0: Ball
2-0: Ball
3-0: Called Strike
3-1: Foul Ball, location: 2F
3-2: Foul Ball, location: 2F
3-2: Grounds into double play, 6-4-3 (Groundball, 6)
Top of the 7th over - 0 run(s), 2 hit(s), 0 error(s), 1 left on base; Athletic Club Kansas City 1 - Atlanta 2
BOTTOM OF THE 7TH
Atlanta Smoke batting - Pitching for Athletic Club Kansas City Athletics : RHP Roberto Ortega
Now at SS: Guillermo Montoya
Batting: LHB Armando Esparza 0-0: Foul Ball, location: 2F
0-1: DOUBLE (Line Drive, 9LM)
Batting: RHB Nate Cates 0-0: Ball
1-0: Swinging Strike
1-1: Ball
2-1: Foul Ball, location: 2F
2-2: Foul Ball, location: 2F
2-2: Ball
3-2: Strikes out swinging
Batting: RHB Mal Bussard 0-0: Called Strike
0-1: Foul Ball, location: 2F
0-2: Ball
1-2: Ball
2-2: Strikes out swinging
Pinch Hitting: LHB Roberto Rodríguez 0-0: Ball
1-0: Called Strike
1-1: Foul Ball, location: 2F
1-2: Ball
2-2: Ground out 1-3 (Groundball, 13S)
Bottom of the 7th over - 0 run(s), 1 hit(s), 0 error(s), 1 left on base; Athletic Club Kansas City 1 - Atlanta 2
TOP OF THE 8TH
Athletic Club Kansas City Athletics batting - Pitching for Atlanta Smoke : LHP Ilie Paunescu
Now in RF: Roberto Rodríguez
Pinch Hitting: LHB Tony Reynolds 0-0: SINGLE (Line Drive, 4MD)
Batting: SHB David Henderson 0-0: Called Strike
0-1: Ball
1-1: Fielders Choice at 2nd, 4-6 (Groundball, 4)
Batting: RHB Yoshio Matsuo 0-0: Ball
1-0: Ball
2-0: Swinging Strike
2-1: Called Strike
2-2: Ball
3-2: Foul Ball, location: 2F
3-2: Base on Balls
David Henderson to second
Batting: LHB Emílio Sáenz 0-0: Ball
1-0: Ball
2-0: SINGLE (Groundball, 5D)
David Henderson to third
Yoshio Matsuo to second
Runner from 3rd tries for Home, SAFE, throw made home
Yoshio Matsuo to third
Emílio Sáenz to second
Batting: RHB Cory Staton 0-0: Intentional Walk
Pitching: LHP Ricardo Betancourt
Now at C: Scott Forrest
Batting: RHB Harry Fuller 0-0: Called Strike
0-1: Foul Ball, location: 2F
0-2: Fly out, F3 (Line Drive, 3)
0-2: Fly out, F3 (Line Drive, 3)
Batting: RHB Ramón Souza 0-0: Called Strike
0-1: Called Strike
0-2: Ball
1-2: Ball
2-2: Strikes out looking
Top of the 8th over - 1 run(s), 2 hit(s), 0 error(s), 3 left on base; Athletic Club Kansas City 2 - Atlanta 2
BOTTOM OF THE 8TH
Atlanta Smoke batting - Pitching for Athletic Club Kansas City Athletics : RHP Roberto Ortega
Pitching: RHP Manuel Núñez
Now in LF: Rick Atkinson
Batting: LHB Mike Blue 0-0: Called Strike
0-1: Ground out 3-1 (Groundball, 34)
Batting: RHB Scott Forrest 0-0: Ball
1-0: Called Strike
1-1: Swinging Strike
1-2: Strikes out swinging
Batting: LHB Egidio Agnolutto 0-0: Ball
1-0: Foul Ball, location: 2F
1-1: Foul Ball, location: 2F
1-2: Ball
2-2: Ground out 4-3 (Groundball, 4)
Bottom of the 8th over - 0 run(s), 0 hit(s), 0 error(s), 0 left on base; Athletic Club Kansas City 2 - Atlanta 2
TOP OF THE 9TH
Athletic Club Kansas City Athletics batting - Pitching for Atlanta Smoke : LHP Ricardo Betancourt
Batting: RHB Guillermo Montoya 0-0: Ball
1-0: Foul Ball, location: 2F
1-1: Foul Ball, location: 2F
1-2: Ball
2-2: Strikes out swinging
Batting: SHB Noah McCarthy 0-0: Ground out 5-3 (Groundball, 56)
Batting: RHB Rick Atkinson 0-0: Called Strike
0-1: Ball
1-1: Ball
2-1: Foul Ball, location: 2F
2-2: Foul Ball, location: 2F
2-2: Ground out 6-3 (Groundball, 6)
Top of the 9th over - 0 run(s), 0 hit(s), 0 error(s), 0 left on base; Athletic Club Kansas City 2 - Atlanta 2
BOTTOM OF THE 9TH
Atlanta Smoke batting - Pitching for Athletic Club Kansas City Athletics : RHP Manuel Núñez
Pitching: LHP Tim Harris
Pinch Hitting: RHB Júlio Castillo 0-0: Ball
1-0: SINGLE (Line Drive, 4M)
Batting: RHB Chris Smith 0-0: Foul Ball, location: 2F
0-1: Ball
1-1: Ground out 5-3 (Groundball, 5S)
Júlio Castillo to second
Batting: LHB Armando Esparza 0-0: Foul Ball, location: 2F
0-1: Ball
1-1: Ball
2-1: Foul Ball, location: 2F
2-2: Ball
3-2: Fly out, F7 (Flyball, 78S)
Batting: RHB Nate Cates 0-0: Ball
1-0: Ball
2-0: Ball
3-0: Called Strike
3-1: Foul Ball, location: 2F
3-2: Foul Ball, location: 2F
3-2: Foul Ball, location: 2F
3-2: DOUBLE (Line Drive, 89XD)
Júlio Castillo scores
This league is powered by Out of the Park Baseball, the baseball management simulation game for PC, Mac and Linux
Monday, May 4th, 2015 - OOTP Baseball 15.6 Build 34